Cogmind - Beta 13 *** ADVENTURER MODE // 2024.04.13 @ 15:19:12 Player: Cheeseinator Result: Destroyed by G-50 Soldier with Heavy Laser Performance ------------- Evolutions (3) 1500 Regions Visited (9) 1800 Robots Destroyed (61) 305 Value Destroyed (2291) 2291 Prototype IDs (2) 40 Alien Tech Used (0) 0 Bonus (117) 117 TOTAL SCORE: 6053 Bonus ------- High Alert Combat Kills 22 Follower Combat Kills 95 Cogmind --------- Core Integrity 0/700 Matter 79/300 Energy 99/100 System Corruption 13% Temperature Cool (9) Movement Core (50) Location -7/Lower Caves Parts ------- > --- POWER (1) -------- (None) > --- PROPULSION (4) --- (None) > --- UTILITY (6) ------ (None) > --- WEAPON (2) ------- (None) > --- INVENTORY (5) ---- Improved Heat Sink Experimental Sensor Array Gauss Rifle Peak State ------------ > --- POWER ------------ Micro Nuclear Core > --- PROPULSION ------- Medium Treads Medium Treads Improved Carbon-fiber Leg Improved Carbon-fiber Leg > --- UTILITY ---------- Improved Heat Sink Huge Storage Unit Target Analyzer Improved Light Armor Plating Improved Medium Armor Plating Reflective Plating > --- WEAPON ----------- Particle Gun Gauss Rifle > --- INVENTORY -------- Experimental Sensor Array Mini Grenade Launcher [Rating: 44] Favorites ----------- Power Ion Engine Engine Ion Engine Power Core Micro Nuclear Core Propulsion Compact Wheel Treads Light Treads Leg Improved Carbon-fiber Leg Wheel Compact Wheel Flight Unit Makeshift Flight Unit Utility Large Storage Unit Device Experimental Sensor Array Storage Large Storage Unit Processor Signal Interpreter Protection Reflective Plating Weapon Assault Rifle Energy Gun Particle Gun Ballistic Gun Assault Rifle Launcher Mini Grenade Launcher Impact Weapon Mace Slashing Weapon Katana Build | -11 -10 -10 -10 -9 -8 -7 -7 -7 -7 ------- Run | Yrd Mat Min Exi Min Mat Fac Was Fac Low Slots Evolved 6 | . . . . . 4 2 . . . Power . | . . . . . . . . . . Propulsion 2 | . . . . . . 2 . . . Utility 4 | . . . . . 4 . . . . Weapon . | . . . . . . . . . . Parts Attached 74 | 6 5 2 . 2 28 5 . 18 8 Power 6 | 1 1 . . . 3 . . 1 . Engine 3 | 1 1 . . . 1 . . . . Core 3 | . . . . . 2 . . 1 . Reactor . | . . . . . . . . . . Propulsion 18 | 2 . . . 1 5 3 . 5 2 Treads 9 | . . . . . 3 3 . 3 . Leg 4 | . . . . . 2 . . 2 . Wheel 3 | 2 . . . 1 . . . . . Hover . | . . . . . . . . . . Flight 2 | . . . . . . . . . 2 Utility 25 | 1 2 . . 1 11 . . 8 2 Device 6 | . . . . 1 2 . . 1 2 Storage 8 | 1 2 . . . 4 . . 1 . Processor 2 | . . . . . 1 . . 1 . Hackware . | . . . . . . . . . . Protection 9 | . . . . . 4 . . 5 . Artifact . | . . . . . . . . . . Weapon 25 | 2 2 2 . . 9 2 . 4 4 Energy Gun 12 | . . . . . 7 1 . 3 1 Energy Cannon . | . . . . . . . . . . Ballistic Gun 8 | 2 . 2 . . 1 1 . 1 1 Ballistic Cannon . | . . . . . . . . . . Launcher 3 | . 2 . . . . . . . 1 Special Weapon . | . . . . . . . . . . Impact Weapon 1 | . . . . . . . . . 1 Slashing Weapon 1 | . . . . . 1 . . . . Piercing Weapon . | . . . . . . . . . . Special Melee Weapon . | . . . . . . . . . . Unidentified Prototypes 2 | . . . . 1 1 . . . . Parts Lost 9 | . . . . . 4 . . 3 2 Power . | . . . . . . . . . . Propulsion 1 | . . . . . . . . . 1 Utility 3 | . . . . . 1 . . 2 . Weapon 5 | . . . . . 3 . . 1 1 Highest Loss Streak 2 | . . . . . 2 . . 1 2 To Critical Strikes . | . . . . . . . . . . Average Slot Usage (%) 76 | . 84 100 100 100 68 83 31 73 25 Engine 7 | . 14 14 14 14 5 7 2 . . Core 1 | . . . . . 2 . . 3 . Treads 8 | . . . . . 10 30 11 13 . Leg 4 | . . . . . 3 . . 14 . Wheel 10 | . 28 28 28 28 2 . . . . Device 2 | . . . . 7 3 7 2 . 5 Storage 14 | . 14 28 28 20 11 15 5 5 . Processor 1 | . . . . . 3 . . 2 . Protection 7 | . . . . . 8 7 2 17 . Energy Gun 6 | . . . . . 11 11 2 9 5 Ballistic Gun 9 | . 17 6 28 28 4 2 2 4 . Launcher 2 | . 9 21 . . . . . . . Naked Turns 171 | . . . . . 52 . 45 27 47 Heaviest Build 108 | 14 29 31 31 31 53 53 53 108 99 Greatest Support 88 | 32 32 32 32 32 40 88 88 56 36 Greatest Overweight (x) 3 | 3 . . . 1 2 . . 2 2 Average Overweight (x) . | . . . . . . . . 1 . Largest Inventory Capacity 25 | 8 15 15 15 15 15 15 15 25 25 Average Capacity 14 | 7 10 15 15 15 10 15 9 21 6 Most Carried 15 | 2 8 15 15 15 15 8 8 6 4 Average Carried 7 | 1 4 11 15 14 8 6 6 4 2 Final Capacity 25 | 8 15 15 15 15 15 15 5 25 5 Final Carried 15 | 2 8 15 15 15 6 8 5 4 3 Class Distribution -------------------- 70% | Mutant 29% | Scavenger-Mutant Dominant Class ---------------- Mutant | -10/Materials Mutant | -10/Mines Mutant | -10/Exiles Mutant | -9/Mines Scavenger-Mutant | -8/Materials Scavenger-Mutant | -7/Factory Mutant | -7/Waste Mutant | -7/Factory Mutant | -7/Lower Caves Resources | -11 -10 -10 -10 -9 -8 -7 -7 -7 -7 ----------- Run | Yrd Mat Min Exi Min Mat Fac Was Fac Low Matter Collected 1504 | 278 58 256 . 56 283 . . 476 97 Remotely . | . . . . . . . . . . Salvage Created 2640 | 78 155 226 . . 1229 . . 747 205 Parts 128 | 1 9 12 . . 65 . . 38 3 Haulers Intercepted . | . . . . . . . . . . Recyclers Shooed 2 | . 1 . . . 1 . . . . Parts Field Recycled . | . . . . . . . . . . Retrieved Matter . | . . . . . . . . . . Parts Self-Destructed . | . . . . . . . . . . Prevented . | . . . . . . . . . . Kills | -11 -10 -10 -10 -9 -8 -7 -7 -7 -7 ------- Run | Yrd Mat Min Exi Min Mat Fac Was Fac Low Combat Hostiles Destroyed 49 | . 2 7 . . 21 . . 11 8 Melee 10 | . . . . . 10 . . . . Guns 25 | . 2 2 . . 9 . . 10 2 AOE 11 | . . 5 . . . . . . 6 Classes Destroyed 10 | 1 1 2 . . 4 . . 2 . Worker 3 | . . 1 . . 1 . . 1 . Builder 1 | . . . . . 1 . . . . Recycler 5 | 1 1 1 . . 1 . . 1 . Watcher 3 | . . . . . 2 . . 1 . Swarmer 5 | . . 3 . . . . . . 2 Grunt 29 | . 2 4 . . 14 . . 4 5 Brawler 2 | . . . . . 1 . . . 1 Sentry 8 | . . . . . 6 . . 2 . Hunter 3 | . . . . . . . . 3 . Programmer 2 | . . . . . . . . 2 . Best Kill Streak 9 | 1 2 6 . . 9 . . 2 6 Combat Bots Only 9 | . 2 5 . . 9 . . 2 6 Max Kills in Single Turn 3 | 1 1 3 . . 1 . . 1 3 Gunslinging . | . . . . . . . . . . Exploded 3 | . . 3 . . . . . . 3 Melee 1 | . . . . . 1 . . . . Uniques/NPCs Destroyed . | . . . . . . . . . . Combat | -11 -10 -10 -10 -9 -8 -7 -7 -7 -7 -------- Run | Yrd Mat Min Exi Min Mat Fac Was Fac Low Hostile Shots Fired 451 | . 9 14 . . 160 . . 174 94 Missed 130 | . . 5 . . 49 . . 45 31 Damage Taken 3663 | . 95 155 . 38 1327 . . 1150 898 Core 1305 | . 8 35 . 19 534 . . 87 622 Absorbed by Shields . | . . . . . . . . . . Ignored by Resistances 1138 | . 29 44 . 10 373 . . 429 253 Core Remaining (%) 59 | 100 . . . 75 2 . . . . Volleys Fired 153 | 3 8 15 . . 56 . . 54 17 Largest 2 | 2 2 2 . . 2 . . 2 2 Hottest 121 | 40 40 60 . . 121 . . 121 121 Shots Fired 271 | 6 16 30 . . 92 . . 106 21 Gun 254 | 6 16 24 . . 92 . . 106 10 Cannon . | . . . . . . . . . . Launcher 17 | . . 6 . . . . . . 11 Special . | . . . . . . . . . . Kinetic 117 | 6 16 24 . . 22 . . 49 . Thermal 84 | . . . . . 62 . . 12 10 Explosive 17 | . . 6 . . . . . . 11 Electromagnetic 53 | . . . . . 8 . . 45 . Robot Hit Streak 36 | 3 16 18 . . 36 . . 23 10 Robot Miss Streak 2 | 1 . 1 . . 1 . . 2 2 Penetration Max 1 | . . . . . . . . 1 . Secondary Targets . | . . . . . . . . . . Shots Hit Robots 244 | 4 15 25 . . 97 . . 85 18 Core Hits 117 | 2 7 14 . . 43 . . 29 22 Critical Kills . | . . . . . . . . . . Critical Parts Destroyed 2 | . . . . . . . . 2 . Critical Strikes 13 | . . . . . 10 . . 2 1 Burn 6 | . . . . . 5 . . . 1 Destroy 2 | . . . . . . . . 2 . Sever 5 | . . . . . 5 . . . . Melee Attacks 19 | . . . . . 19 . . . . Impact . | . . . . . . . . . . Slashing 19 | . . . . . 19 . . . . Piercing . | . . . . . . . . . . Sneak Attacks . | . . . . . . . . . . Combat Hostiles . | . . . . . . . . . . Follow-up Attacks . | . . . . . . . . . . Damage Inflicted 5451 | 47 187 747 . . 1711 . . 1823 936 Guns 3459 | 47 187 266 . . 1107 . . 1722 130 Cannons . | . . . . . . . . . . Explosions 1388 | . . 481 . . . . . 101 806 Melee 585 | . . . . . 585 . . . . Ramming 19 | . . . . . 19 . . . . Kinetic 1644 | 47 187 266 . . 265 . . 879 . Thermal 1098 | . . . . . 732 . . 236 130 Explosive 1287 | . . 481 . . . . . . 806 Electromagnetic 818 | . . . . . 110 . . 708 . Impact . | . . . . . . . . . . Slashing 585 | . . . . . 585 . . . . Piercing . | . . . . . . . . . . Highest Corruption 13 | . . . . . . . 8 13 13 Average Corruption 10 | . . . . . . . 8 10 13 Corruption Purged . | . . . . . . . . . . Corruption Blocked . | . . . . . . . . . . Effects 71 | . . . . . . . 3 50 18 Message Errors 17 | . . . . . . . 2 10 5 Matter Fused 19 | . . . . . . . 1 11 7 Heat Flow Errors 6 | . . . . . . . . 5 1 Energy Discharges 9 | . . . . . . . . 9 . Parts Rejected 2 | . . . . . . . . 1 1 Data Loss (minor) 8 | . . . . . . . . 6 2 Data Loss (major) 4 | . . . . . . . . 3 1 Misfires 3 | . . . . . . . . 3 . Alerts 2 | . . . . . . . . 1 1 Weapon Failures 1 | . . . . . . . . 1 . Overload Shots . | . . . . . . . . . . Overflow Damage 26 | . . . . . . . . 26 . Projectiles . | . . . . . . . . . . Explosions 26 | . . . . . . . . 26 . Melee . | . . . . . . . . . . Knockbacks . | . . . . . . . . . . Impact . | . . . . . . . . . . Kinetic . | . . . . . . . . . . Secondary . | . . . . . . . . . . Self-Inflicted Damage 111 | . . 61 . . 6 . . 31 13 Shots 4 | . . 2 . . . . . 1 1 Rammed 5 | . . . . . 5 . . . . Targets Rammed 6 | . . . . . 6 . . . . Kicked . | . . . . . . . . . . Crushed 1 | . . . . . 1 . . . . Highest Temperature 435 | . 7 6 . . 421 . . 435 267 Average Temperature 94 | . 3 4 . . 106 . . 88 115 Received Heat Transfer 1872 | . 87 75 . . 819 . . 378 513 Effects 8 | . . . . . 2 . . 4 2 Energy Bleed 1 | . . . . . 1 . . . . Interference 5 | . . . . . 1 . . 2 2 Matter Decay 1 | . . . . . . . . 1 . Short Circuit 1 | . . . . . . . . 1 . Siege Activations . | . . . . . . . . . . Robots Corrupted 1 | . . . . . . . . 1 . Combat Hostiles 1 | . . . . . . . . 1 . Parts Fried 3 | . . . . . . . . 3 . Impact Corruptions . | . . . . . . . . . . Robots Melted 2 | . . . . . 2 . . . . Combat Hostiles 2 | . . . . . 2 . . . . Parts Melted 10 | . . . . . 6 . . 1 3 Heat Transferred 2962 | . . . . . 2183 . . 396 383 Parts Sabotaged . | . . . . . . . . . . Parts Stolen . | . . . . . . . . . . Parts Stripped . | . . . . . . . . . . Power Chain Reactions 1 | . . . . . . . . 1 . Alert | -11 -10 -10 -10 -9 -8 -7 -7 -7 -7 ------- Run | Yrd Mat Min Exi Min Mat Fac Was Fac Low Peak Influence 447 | 5 102 183 . 32 447 35 39 231 . Initial 35 | . 2 9 . . 3 35 9 24 . Average 99 | 1 30 122 . 23 160 35 27 76 . Maximum Alert Level 2 | . . . . . 2 . . 1 . Low Security (%) 88 | 100 100 100 . 100 67 100 100 99 . Level 1 11 | . . . . . 30 . . . . Level 2 . | . . . . . 2 . . . . Level 3 . | . . . . . . . . . . Level 4 . | . . . . . . . . . . Level 5 . | . . . . . . . . . . High Security . | . . . . . . . . . . Max Security . | . . . . . . . . . . Squads Dispatched 6 | . . . . . 4 . . 2 . Investigation 1 | . . . . . 1 . . . . Extermination 1 | . . . . . . . . 1 . Reinforcement 4 | . . . . . 3 . . 1 . Assault . | . . . . . . . . . . Garrison . | . . . . . . . . . . Intercept . | . . . . . . . . . . Searches Triggered . | . . . . . . . . . . Construction Impeded 1 | . . . . . . . . 1 . Haulers Reinforced . | . . . . . . . . . . Active Scanning Responses . | . . . . . . . . . . Cargo Convoy Interrupts . | . . . . . . . . . . Stealth | -11 -10 -10 -10 -9 -8 -7 -7 -7 -7 --------- Run | Yrd Mat Min Exi Min Mat Fac Was Fac Low Distress Signals 5 | . 1 . . . 4 . . . . Communications Jammed . | . . . . . . . . . . Distress Signals . | . . . . . . . . . . Times Spotted 101 | . 5 7 . 3 44 . 5 19 18 Peak Tracking Total 13 | . 2 3 . 1 13 . 5 4 9 Tactical Retreats 13 | . 2 . . . 8 . . 1 2 Traps | -11 -10 -10 -10 -9 -8 -7 -7 -7 -7 ------- Run | Yrd Mat Min Exi Min Mat Fac Was Fac Low Traps Triggered 4 | . . . . . 1 1 . 2 . Indirectly . | . . . . . . . . . . Trap Hack Attempts . | . . . . . . . . . . Triggered . | . . . . . . . . . . Disarmed . | . . . . . . . . . . Reprogrammed . | . . . . . . . . . . Reused . | . . . . . . . . . . Traps Extracted . | . . . . . . . . . . Installed . | . . . . . . . . . . Triggered 2 | . . . . . . . . . 2 Machines | -11 -10 -10 -10 -9 -8 -7 -7 -7 -7 ---------- Run | Yrd Mat Min Exi Min Mat Fac Was Fac Low Machines Disabled 2 | . . . . . 1 . . 1 . Max in Single Turn 1 | . . . . . 1 . . 1 . Machines Repaired . | . . . . . . . . . . Machines Dismantled . | . . . . . . . . . . Machines Sabotaged . | . . . . . . . . . . Overloaded Fab Kills . | . . . . . . . . . . Hacking | -11 -10 -10 -10 -9 -8 -7 -7 -7 -7 --------- Run | Yrd Mat Min Exi Min Mat Fac Was Fac Low Machines Accessed 5 | . . . 3 . 2 . . . . Terminals 2 | . . . . . 2 . . . . Fabricators . | . . . . . . . . . . Repair Stations . | . . . . . . . . . . Recycling Units . | . . . . . . . . . . Scanalyzers . | . . . . . . . . . . Garrison Access . | . . . . . . . . . . Total Hacks 6 | . . . 3 . 3 . . . . Successful 5 | . . . 3 . 2 . . . . Failed 1 | . . . . . 1 . . . . Catastrophic . | . . . . . . . . . . Database Lockouts . | . . . . . . . . . . Manual . | . . . . . . . . . . Terminals 3 | . . . . . 3 . . . . Fabricators . | . . . . . . . . . . Repair Stations . | . . . . . . . . . . Recycling Units . | . . . . . . . . . . Scanalyzers . | . . . . . . . . . . Garrison Access . | . . . . . . . . . . Terminal Hacks 5 | . . . 3 . 2 . . . . Record 4 | . . . 3 . 1 . . . . Alert Level 1 | . . . . . 1 . . . . Fabricator Hacks . | . . . . . . . . . . Repair Station Hacks . | . . . . . . . . . . Recycling Unit Hacks . | . . . . . . . . . . Scanalyzer . | . . . . . . . . . . Garrison Access Hacks . | . . . . . . . . . . Unauthorized Hacks . | . . . . . . . . . . Terminals . | . . . . . . . . . . Fabricators . | . . . . . . . . . . Repair Stations . | . . . . . . . . . . Recycling Units . | . . . . . . . . . . Scanalyzers . | . . . . . . . . . . Garrison Access . | . . . . . . . . . . Data Cores Recovered . | . . . . . . . . . . Used . | . . . . . . . . . . Hacking Detections 1 | . . . . . 1 . . . . Full Trace Events . | . . . . . . . . . . Feedback Events . | . . . . . . . . . . Feedback Blocked . | . . . . . . . . . . Robot Schematics Acquired . | . . . . . . . . . . Robots Built . | . . . . . . . . . . Authchips . | . . . . . . . . . . Time . | . . . . . . . . . . Total Robot Build Rating . | . . . . . . . . . . Part Schematics Acquired . | . . . . . . . . . . Parts Built . | . . . . . . . . . . Authchips . | . . . . . . . . . . Time . | . . . . . . . . . . Total Part Build Rating . | . . . . . . . . . . Parts Repaired . | . . . . . . . . . . Time . | . . . . . . . . . . Parts Recycled . | . . . . . . . . . . Recycled Matter . | . . . . . . . . . . Retrieved Matter . | . . . . . . . . . . Retrieved Components . | . . . . . . . . . . Parts Scanalyzed . | . . . . . . . . . . Part Schematics Acquired . | . . . . . . . . . . Parts Damaged . | . . . . . . . . . . Bothacking | -11 -10 -10 -10 -9 -8 -7 -7 -7 -7 ------------ Run | Yrd Mat Min Exi Min Mat Fac Was Fac Low Used RIF Installer . | . . . . . . . . . . Robots Hacked . | . . . . . . . . . . Non-combat . | . . . . . . . . . . Combat . | . . . . . . . . . . Robot Hacks Applied . | . . . . . . . . . . Relay Couplers Released . | . . . . . . . . . . Fabnet Peak Effective % . | . . . . . . . . . . Robots Rewired . | . . . . . . . . . . Allies Hacked . | . . . . . . . . . . Hacks Repelled . | . . . . . . . . . . Allies | -11 -10 -10 -10 -9 -8 -7 -7 -7 -7 -------- Run | Yrd Mat Min Exi Min Mat Fac Was Fac Low Total Allies 3 | . . . . 3 . . . . . Largest Group 3 | . . . . 3 1 . . . . Highest-Rated Group 40 | . . . . 40 16 . . . . Highest-Rated Ally 16 | . . . . 16 16 . . . . Total Orders . | . . . . . . . . . . Ally Attacks 15 | . . . . 8 7 . . . . Total Damage 202 | . . . . 108 94 . . . . Kills 3 | . . . . 2 1 . . . . Allies Corrupted . | . . . . . . . . . . Allies Melted . | . . . . . . . . . . Intel | -11 -10 -10 -10 -9 -8 -7 -7 -7 -7 ------- Run | Yrd Mat Min Exi Min Mat Fac Was Fac Low Robot Analysis Total . | . . . . . . . . . . Derelict Logs Recovered 3 | . . 1 . 1 . . . . 1 Drone Launches . | . . . . . . . . . . Drone Recoveries . | . . . . . . . . . . Exploration | -11 -10 -10 -10 -9 -8 -7 -7 -7 -7 ------------- Run | Yrd Mat Min Exi Min Mat Fac Was Fac Low Turns Passed 6289 | 173 508 603 802 184 1836 376 79 1354 374 Spaces Moved 4194 | 149 220 518 803 163 914 230 109 514 574 Core 346 | 13 . . . . 98 . 88 52 95 Treads 929 | . . . . . 505 230 21 173 . Legs 418 | . . . . . 126 . . 289 3 Wheels 2025 | 136 220 518 803 163 185 . . . . Hover . | . . . . . . . . . . Flight 476 | . . . . . . . . . 476 Fastest Speed 50 | 50 100 100 100 100 50 160 50 50 50 Average Speed 122 | 103 100 100 100 101 160 160 71 202 55 Slowest Speed 260 | 200 100 100 100 110 260 160 160 260 260 Overloaded Moves . | . . . . . . . . . . Propulsion Burnouts . | . . . . . . . . . . Robots Hopped . | . . . . . . . . . . Cave-ins Triggered . | . . . . . . . . . . Exploration Rate (%) 47 | 5 33 88 92 37 56 6 79 14 65 Regions Visited 9 Branch Regions 4 Pre-discovered Areas 2 | . . 1 . 1 . . . . . Known Exits Taken . | . . . . . . . . . . Unknown Exits Taken 7 | 1 1 1 1 1 1 . . 1 . Scrap Searched 4 | . . 2 . . . . . . 2 Spaces Dug . | . . . . . . . . . . Terrain Destroyed 91 | . . 57 . . . . . 3 31 Melee . | . . . . . . . . . . Projectile . | . . . . . . . . . . AOE 91 | . . 57 . . . . . 3 31 Terrain Rammed . | . . . . . . . . . . Walls Destroyed . | . . . . . . . . . . Machines Disabled . | . . . . . . . . . . Actions | -11 -10 -10 -10 -9 -8 -7 -7 -7 -7 --------- Run | Yrd Mat Min Exi Min Mat Fac Was Fac Low Total 5051 | 159 491 572 802 187 1161 239 110 722 608 Wait 530 | . 252 31 . 14 104 . . 126 3 Move 4186 | 148 219 517 802 162 913 230 108 513 574 Hop . | . . . . . . . . . . Pick Up 35 | 2 3 7 . 3 15 2 1 1 1 Fast Attach 46 | 6 4 . . 1 16 2 . 14 3 Attach 20 | . . . . . 9 2 . 4 5 Detach 19 | . 3 . . 1 6 2 . 3 4 Swap 8 | . 1 2 . 1 3 1 . . . Drop 24 | . 1 . . 5 14 . 1 2 1 Fire 153 | 3 8 15 . . 56 . . 54 17 Melee 19 | . . . . . 19 . . . . Ram 3 | . . . . . 3 . . . . Kick . | . . . . . . . . . . Crush 3 | . . . . . 3 . . . . Escape Stasis 5 | . . . . . . . . 5 . Rewire . | . . . . . . . . . . Trap . | . . . . . . . . . . Miscellaneous . | . . . . . . . . . . Route ------- -11/Scrapyard -10/Materials (discovered 2 exits: [*Mat] / [*Min]) -10/Mines (discovered 2 exits: [*Mat] / *Exi) -10/Exiles (discovered 2 exits: [*Min x2]) -9/Mines -8/Materials (discovered 2 exits: [*Fac x2]) -7/Factory -7/Waste -7/Factory -7/Lower Caves History --------- Turn | Location | Event 5 | -11/Scrapyard | Discovered new exit (range 16) 174 | -11/Scrapyard | Entered Materials 308 | -10/Materials | Build established: Mutant 537 | -10/Materials | Discovered new exit (range 13) 611 | -10/Materials | Discovered new exit (range 4) 682 | -10/Materials | Entered Mines 1004 | -10/Mines | Learned location of Zion (-7) 1178 | -10/Mines | Discovered new exit (range 14) 1277 | -10/Mines | Deemed a non-threat by the Exiles lab entrance 1278 | -10/Mines | Discovered new exit (range 5) 1285 | -10/Mines | Entered Exiles 1285 | -10/Exiles | Found Exiles lab abandoned 1425 | -10/Exiles | Discovered new exit (range 14) 1819 | -10/Exiles | Discovered new exit (range 15) 2087 | -10/Exiles | Entered Mines 2091 | -9/Mines | Assisted by bots powering up and referring to "LRC-V3" 2172 | -9/Mines | Found a damaged Exp. Sensor Array with a note attached 2177 | -9/Mines | Found Prototype Device 2177 | -9/Mines | Identified Exp. Sensor Array 2228 | -9/Mines | Assembled infested the area 2233 | -9/Mines | Assisted by a Guerilla fighting off Assembled 2260 | -9/Mines | Discovered new exit (range 8) 2271 | -9/Mines | Entered Materials 2271 | -8/Materials | Accompanied by 1 ally 2271 | -8/Materials | Evolved 4 slots: Utility x4 2584 | -8/Materials | Discovered new exit (range 10) 2903 | -8/Materials | Released all parts (11) 2971 | -8/Materials | Core integrity fell below 50% 3039 | -8/Materials | Core integrity fell below 20% 3051 | -8/Materials | Destroyed 9 combat bots 3426 | -8/Materials | Build established: Scavenger-Mutant 4059 | -8/Materials | Discovered new exit (range 16) 4107 | -8/Materials | Entered Factory 4107 | -7/Factory | Evolved 2 slots: Propulsion x2 4483 | -7/Factory | Sucked down chute 4483 | -7/Factory | Entered Waste 4493 | -7/Waste | Spotted C-40 Crusher 4498 | -7/Waste | EMP discharged 4504 | -7/Waste | Spotted C-40 Crusher 4517 | -7/Waste | Released all parts (11) 4526 | -7/Waste | Spotted C-40 Crusher 4528 | -7/Waste | Spotted C-40 Crusher 4553 | -7/Waste | Spotted C-40 Crusher 4554 | -7/Waste | Discovered new exit (range 13) 4562 | -7/Waste | Entered Factory 4826 | -7/Factory | Build established: Mutant 5411 | -7/Factory | System corruption reached 10% 5906 | -7/Factory | Discovered new exit (range 3) 5916 | -7/Factory | Entered Lower Caves 5933 | -7/Lower Caves | Attracted the attention of an 0b10 outpost 5938 | -7/Lower Caves | Released all parts (10) 5968 | -7/Lower Caves | Core integrity fell below 50% 6224 | -7/Lower Caves | Core integrity fell below 20% 6288 | -7/Lower Caves | Released all parts (1) 6290 | -7/Lower Caves | Destroyed by G-50 Soldier with Heavy Laser Last Messages --------------- 06051_ Acquired Gatling Laser. 06077_ System corrupted: IFF burst signal emitted. 06092_ System corrupted: Matter fused (-8). 06125_ 9YC=O#B5QOEPR=D4SIF4ONTXN& 06142_ System corrupted: Component data lost. 06188_ YEL >CQ8<6HJFBM7ADN=/XYMNISHNESEXABODXWM3##>RG: Map ----- +----------------------------------------------------+ | ????????????????????????# ## ##??????? | | ????????????????????????# ## #??????# | | ????????????????????????# #????### | | ???????????????????????## #????# | | ??????????????????????## #???## | | ??????????????????????# #???# | | ??????????????????????# ## ##??# | | ??????????????????????## ### #??# | | ???????????????????????# #### ##?# | | ??????????????????????## ### #### | | ??????????????????????# #### ### | | ??????????????????????# #?### ## | | ??????????????????????## #???## | | ???????????????????????## #????# | | ????????????????????????# ### ###??### | | ????????????????????????# ##?# #???## | | ????????????????????????####??# ##?### | | ????????????##########????????## ##?## | | ????????????# # #?????????## #??# # | | ????????????#^ # ##?????????## ##?# # | | ????????????## # #???????#?# ######## # | | ????????????## ## #?????? #?### #?????## # | | ????????????# ### ###??? ###### ##????## | | ????????????# #g # #### #### ##???# | | ????????????# # gg #?### ###?# | | ????????????# # g [ [ @ #???## #?# | | ????????????####### g ## #????### #?## | | ??????????## #????# #### #?????# #?## | | ????????### #????# #?? #????######??# | | ????????# #????# #?? #????????????## | | ???????## #?????# # ### #?????????????? | | ??????## ####### #??# #?????????????? | | ??????# # #???### ##????????????? | | ??????# # ##??????# #????????????? | | ???# ### ####### #???????? ####?????????? | | #?###?# ## ###?????? ???????#### | | ????## ##????? #??????## | | ???## #????? #??????? | | #### #????? #####?### | | ###??? ## ### # # | | #### ## # # | | ## ### ### | | ????## ???## #### #?# | | ?????## ?????## ##??# #??### #### | | ??????#????#### #???# ###### #??##### | | ???????????# #????# #??????? | | ???????????# ##???### ### ## #??????? | | ???????????# ##????### #?# ## #??????# | | ???????????# ####???## ####?# ## #???### | | ???????????## ###### ##????# ### #??# | +----------------------------------------------------+ Best States ------------- Heat Dissipation 48 Energy Generation 15 Energy Capacity 265 Matter Stores 400 Matter Capacity 400 Sight Range 16 Robot Scan Range 20 Terrain Scan Density 10 Armor Coverage 600 Resistance: KI 20 Resistance: TH 30 Resistance: EX 20 Resistance: EM 20 Resistance: I 20 Resistance: S 20 Resistance: P 20 Evasion (%) 59 Target Analysis 5 Recoil Reduction 4 Offensive Hacking 10 Item Schematics ----------------- None Robot Schematics ------------------ None Fabricated ------------ Nothing Alien Tech Used ----------------- None Achievements -------------- None Challenges ------------ None Game ------ Seed SupercompositeNovaPod Manual? 0 Play Time 00:44:23 Cumulative 13.5 hours Start 2024.04.13 @ 13:53:52 End 2024.04.13 @ 15:19:12 Sessions 1 Manual Loads 0 Difficulty Adventurer Special Mode None Game No. 17 Rogue 3 Adventurer 13 Explorer 1 Win Type - Total 0 Types 0/0/0/0/0/0/0/0/0 Lore% 11 Gallery% 23 Achievement% 19 Wizard Run 0 Options --------- Layout 0 ASCII 0 Keyboard 1 Movement Numpad Keybinds 0 Fullscreen 2 Font 18/Terminus Map View 76x50 Zoom Use 1% Tactical HUD 1 Map Filters NONE Filters NONE Steam 1 RUN: 741898e8-8531-4869-b25d-87a74d0daec2